 Dungeon Crawl Stone Soup version 0.17-a0-1411-g06ff558 (webtiles) character file.

458 Frelus the Conjurer (level 6, -4/32 HPs)
             Began as a Deep Elf Conjurer on June 23, 2015.
             Shot with an arrow of flame by a centaur (10 damage)
             ... on level 5 of the Dungeon.
             The game lasted 00:09:02 (4370 turns).

Frelus the Conjurer (Deep Elf Conjurer)             Turns: 4370, Time: 00:09:02

Health: -4/32      AC:  3    Str:  7    XL:     6   Next: 77%
Magic:  1/16       EV: 13    Int: 20    God:
Gold:   199        SH:  0    Dex: 15    Spells: 4 memorised, 3 levels left

rFire  . . .     SeeInvis .     F - staff of death
rCold  . . .     Clarity  .     a - +0 robe
rNeg   + . .     SustAt   +     (no shield)
rPois  .         Gourm    .     (no helmet)
rElec  .         Spirit   .     (no cloak)
rCorr  .         Warding  .     r - +0 pair of gloves
rMut   +         Stasis   .     (no boots)
MR     .....                    u - amulet of resist mutation
Stlth  ++........               (no ring)
                                v - ring of sustain attributes

@: not resistant to hostile enchantments, unstealthy
A: no striking features
a: no special abilities


You were on level 5 of the Dungeon.
You were not hungry.

You visited 1 branch of the dungeon, and saw 5 of its levels.

You collected 339 gold pieces.
You spent 140 gold pieces at shops.

Inventory:

Armour
 a - a +0 robe (worn)
 r - a +0 pair of gloves (worn)
 y - a +0 cloak
Magical staves
 F - an uncursed staff of death (weapon)
Jewellery
 u - an amulet of resist mutation (around neck)
 v - a ring of sustain attributes (left hand)
 I - an uncursed amulet of stasis
Magical devices
 n - a wand of digging (14)
 p - a wand of draining (8)
Scrolls
 e - a scroll of recharging {unknown}
 g - 2 scrolls of teleportation {unknown}
 h - 2 scrolls of blinking {unknown}
 i - 4 scrolls of identify {unknown}
 j - a scroll of magic mapping {unknown}
 k - a scroll of immolation {unknown}
 l - a scroll of fog {unknown}
 o - 4 scrolls of remove curse {unknown}
 q - 4 scrolls of amnesia {unknown}
 x - 2 scrolls of enchant weapon {unknown}
 B - a scroll of random uselessness {unknown}
 J - a scroll of noise {unknown}
Potions
 d - a potion of haste {unknown}
 f - 2 potions of cancellation {unknown}
 m - a potion of poison {unknown}
 s - 3 potions of curing {unknown}
 t - a potion of flight {unknown}
 w - 2 potions of agility {unknown}
 D - a potion of heal wounds {unknown}
 G - a potion of ambrosia {unknown}
 H - 2 potions of brilliance {unknown}
 K - a potion of lignification {unknown}
Books
 b - a book of Conjurations

   Spells                             Type                      Level
   a - Magic Dart                     Conjuration                  1
   b - Searing Ray                    Conjuration                  2
   c - Dazzling Spray                 Conjuration/Hexes            3
   d - Fulminant Prism                Conjuration/Hexes            4
   e - Iskenderun's Mystic Blast      Conjuration                  4
   f - Iskenderun's Battlesphere      Conjuration/Charms           5
 E - a book of Enchantments

   Spells                             Type                      Level
   a - Cause Fear                     Hexes                        4
   b - Silence                        Hexes/Air                    5
   c - Deflect Missiles               Charms/Air                   6
   d - Haste                          Charms                       6
   e - Discord                        Hexes                        8
Comestibles
 c - 5 bread rations
 z - 2 meat rations
 A - a slice of pizza
 C - a beef jerky
 L - a chunk of flesh


   Skills:
 - Level 2.4 Dodging
 - Level 2.4 Stealth
 - Level 5.3 Spellcasting
 + Level 7.4 Conjurations
 * Level 4.0 Charms


You had 3 spell levels left.
You knew the following spells:

 Your Spells              Type           Power        Failure   Level  Hunger
a - Magic Dart            Conj           ####         1%          1    None
b - Searing Ray           Conj           #####.       1%          2    None
c - Iskenderun's Mystic   Conj           #####...     8%          4    ####...
d - Iskenderun's Battles  Conj/Chrm      ####....     30%         5    #####..


Dungeon Overview and Level Annotations

Branches:
Dungeon (5/15)
 Temple: D:4-7

Altars:
Dithmenos
Gozag
Xom

Shops:
D:5 *


Message History

Casting: Magic Dart
Confirm with . or Enter, or press ? or * to list all spells.
Aiming: Magic Dart
Press: ? - help, Shift-Dir - straight line, f/p - centaur
Aim: a centaur, wielding a shortbow (moderately wounded)
The magic dart hits the centaur.
The centaur is severely wounded.
The centaur shoots an arrow of flame.
The arrow of flame hits you! The arrow of flame burns you.
* * * LOW HITPOINT WARNING * * *
Casting: Magic Dart
Confirm with . or Enter, or press ? or * to list all spells.
Aiming: Iskenderun's Mystic Blast
Press: ? - help, Shift-Dir - straight line, f/p - centaur
Aim: a centaur, wielding a shortbow (severely wounded)
The orb of energy hits the centaur.
The centaur is severely wounded.
The centaur shoots an arrow of flame.
The arrow of flame misses you.
The centaur shoots an arrow of flame.
The arrow of flame hits you!
You die...

#####..... #.........
+......... #.........
#.........
###+#(........
#.....(.......
#.....@....... .
#......†...... ...
#............. ...
+.............
...##+#####.............
...............##+#c....
.†.............# .....
...............+ .....
...............# ....


You could see a centaur.

Vanquished Creatures
  A phantom (D:4)
  4 hounds
  An orc wizard (D:3)
  A giant frog skeleton (D:4)
  An iguana (D:4)
  A killer bee zombie (D:5)
  A gnoll (D:1)
  6 adders
  2 oozes
  2 worms (D:2)
  5 giant geckos
  3 orcs (D:3)
  4 giant cockroaches
  7 hobgoblins
  12 kobolds
  3 ball pythons
  7 bats
  4 giant newts
  12 goblins
  A quokka (D:2)
  10 rats
88 creatures vanquished.

Notes
Turn   | Place    | Note
--------------------------------------------------------------
     0 | D:1      | Frelus the Deep Elf Conjurer began the quest for the Orb.
     0 | D:1      | Reached XP level 1. HP: 10/10 MP: 6/6
    82 | D:1      | Reached XP level 2. HP: 15/15 MP: 1/8
   103 | D:1      | Learned a level 2 spell: Searing Ray
   114 | D:1      | Reached skill level 5 in Conjurations
   622 | D:1      | Reached XP level 3. HP: 19/19 MP: 1/9
  1304 | D:2      | Reached skill level 6 in Conjurations
  1324 | D:2      | Reached XP level 4. HP: 22/24 MP: 1/10
  1344 | D:2      | Learned a level 4 spell: Iskenderun's Mystic Blast
  2132 | D:3      | Noticed an ogre
  2228 | D:3      | Reached skill level 7 in Conjurations
  2228 | D:3      | Reached XP level 5. HP: 28/28 MP: 3/11
  2685 | D:4      | Found an opulent altar of Gozag.
  2801 | D:4      | Found a shimmering altar of Xom.
  2888 | D:4      | Found a shadowy altar of Dithmenos.
  2918 | D:4      | Noticed a phantom
  2927 | D:4      | Killed a phantom
  2927 | D:4      | Reached skill level 5 in Spellcasting
  2927 | D:4      | Reached XP level 6. HP: 9/32 MP: 0/16
  3159 | D:4      | Learned a level 5 spell: Iskenderun's Battlesphere
  3191 | D:4      | Reached skill level 1 in Charms
  3359 | D:4      | Noticed a phantom
  3952 | D:5      | Entered Level 5 of the Dungeon
  3952 | D:5      | Found Ceepeuta's Assorted Antiques.
  3971 | D:5      | Bought a lumpy golden amulet for 140 gold pieces
  4370 | D:5      | Shot with an arrow of flame by a centaur

Vault maps used:
D:1:      scummos_arrival_star, supply_closet_lemuel, st_stairs_3,
          minmay_curled_crystal, minmay_misc_feat_diagonals, minivault_5,
          serial_bayou_ford_a
D:3:      minmay_misc_feat_chi
D:4:      kennysheep_little_box, nicolae_dithmenos_the_darkroom,
          kennysheep_mini_moat, first_bread
D:5:      serial_shops, shop_fountains

Action                   |  1- 3 |  4- 6 || total
-------------------------+-------+-------++-------
Melee: Unarmed           |    13 |     3 ||    16
       Staff             |       |     1 ||     1
 Cast: Magic Dart        |    86 |    95 ||   181
       Searing Ray       |       |    11 ||    11
       Iskenderun's Myst |       |     4 ||     4
  Eat: Chunk             |       |    11 ||    11
